 Dungeon Crawl Stone Soup version 0.25-a0-1113-g0499d652a8 (webtiles) character file.

Game seed: 11284843975638039915, levelgen mode: deterministic

18 Flugslaktarn the Shield-Bearer (level 2, 0/27 HPs)
             Began as a Deep Dwarf Fighter on May 16, 2020.
             Slain by Sigmund
             ... wielding a +0 scythe
              (4 damage)
             ... on level 3 of the Dungeon.
             The game lasted 00:00:17 (281 turns).

Flugslaktarn the Shield-Bearer (Deep Dwarf Fighter)  Turns: 281, Time: 00:00:17

Health: 0/27       AC:  6    Str: 19    XL:     2   Next: 48%
Magic:  2/2        EV:  7    Int:  8    God:
Gold:   49         SH:  9    Dex: 12    Spells: 1/1 levels left

rFire    . . .     SeeInvis .   a - +0 war axe
rCold    . . .     Gourm    .   c - +0 kite shield
rNeg     . . .     Faith    .   b - +0 scale mail
rPois    .         Spirit   .   (no helmet)
rElec    .         Reflect  .   (no cloak)
rCorr    .         Harm     .   (no gloves)
MR       .....                  (no boots)
Stlth    ..........             (no amulet)
HPRegen  0.00/turn              (no ring)
MPRegen  0.08/turn              (no ring)

@: non-regenerating
A: damage resistance, heal wounds, sense surroundings 1, no regeneration
a: Heal Wounds


You were on level 3 of the Dungeon.
You were not hungry.

You visited 1 branch of the dungeon, and saw 3 of its levels.

You collected 49 gold pieces.

Inventory:

Hand Weapons
 a - a +0 war axe (weapon)
Armour
 b - a +0 scale mail (worn)
 c - a +0 kite shield (worn)
Scrolls
 g - a scroll of identify {unknown}
 h - a scroll of enchant armour {unknown}
Potions
 d - a potion of might
Comestibles
 e - 3 rations
 f - 4 chunks of flesh


   Skills:
 + Level 2.9 Fighting
 * Level 2.7 Axes
 + Level 3.5 Armour
 + Level 3.5 Shields


You had one spell level left.
You didn't know any spells.
Your spell library was empty.

Dungeon Overview and Level Annotations

Branches:
Dungeon (3/15)

Altars:
Cheibriados

Annotations:
D:3 Sigmund


Innate Abilities, Weirdness & Mutations

You are resistant to damage.
You can heal yourself by infusing magical energy.
You passively map a small area around you.
You do not regenerate.


Message History

You slash the goblin!
You kill the goblin!
Sigmund casts a spell at you. The magic dart hits you.
Sigmund gestures at you while chanting. The magic dart hits you.
You barely miss Sigmund.
Sigmund is heavily wounded.
Sigmund points at you and mumbles some strange words.
The puff of flame hits you!
Your shield and scale mail prevent you from hitting Sigmund.
Sigmund is heavily wounded.
You are engulfed in a cloud of scalding steam.
* * * LOW HITPOINT WARNING * * *
Sigmund hits you with a +0 scythe.
* * * LOW HITPOINT WARNING * * *
You are too injured to fight recklessly!
Sigmund splashes around in the water.
Sigmund hits you with a +0 scythe.
You die...

.#* * ≈ ≈≈≈≈≈.# ..# *
##≈≈≈..# ...#####
#≈≈≈≈.≈# .......#
#.≈≈.≈.# ...(##.#
#.≈≈≈.≈# .....#.#
#..≈≈≈≈#
#......####$≈≈≈≈.##
##..........≈§≈≈..#
#........##.≈≈≈≈@.#
#....#.#.##≈≈≈§@≈.#
##...#.#.##≈≈≈≈≈≈.# *
#......#.##≈≈.≈≈.....
.....#......≈≈≈≈#####*
* )......#.##.≈≈.≈≈# ≈
......##.>..≈≈≈≈≈≈#*
#####.# ##≈≈≈≈≈≈≈≈# ,
.# ##≈.≈≈≈≈≈≈


You could see Sigmund.

Vanquished Creatures
  A worm (D:3)
  A dart slug (D:2)
  2 bats (D:1)
  2 giant cockroaches
  3 goblins
  A quokka (D:2)
  2 frilled lizards
  A kobold (D:3)
13 creatures vanquished.

Notes
Turn   | Place    | Note
-------+----------+-------------------------------------------
     0 | D:1      | Flugslaktarn the Deep Dwarf Fighter began the quest for the
                  | Orb.
     0 | D:1      | Reached XP level 1. HP: 20/20 MP: 1/1
   150 | D:2      | Found a snail-covered altar of Cheibriados.
   161 | D:2      | Reached XP level 2. HP: 21/27 MP: 2/2
   264 | D:3      | Noticed Sigmund
   281 | D:3      | Slain by Sigmund

Illustrated notes

Levels and vault maps discovered:
D:1:      lemuel_arrival_broad_hall, layout_loops_ring, chequers_big_river,
          dk_noncrumbling_2
D:2:      layout_basic, nicolae_overflow_crystal_walls, elyvilon_altar_1,
          kennysheep_slug_shrine, uniq_jessica
D:3:      layout_loops_ring, serial_rivers, chequers_serial_rivers_small_3,
          chequers_serial_rivers_micro_c, chequers_serial_rivers_marsh,
          chequers_serial_rivers_room_a, chequers_serial_rivers_large_a,
          chequers_serial_rivers_room_b, first_ration, hangedman_decor_growths,
          hex_large, grunt_ministairs_7, grunt_gozag_statues, uniq_grinder,
          uniq_sigmund, uniq_terence

Action                   || total
-------------------------++-------
Melee: War axe           ||    64
Armor: Scale mail        ||    45
Dodge: Dodged            ||    23
Block: Kite shield       ||    51

Table legend:
 A = Non-vault XP
 B = Vault XP
 C = Vault XP percentage of total XP
 D = Non-vault monster count
 E = Vault monster count
 F = Vault count percentage of total count
                 A         B        C        D         E       F
            +---------+---------+-------+---------+---------+-------
      Total |      22 |       4 |  15.4 |      12 |       1 |   7.7
            +---------+---------+-------+---------+---------+-------
        D:1 |       7 |       0 |   0.0 |       4 |       0 |   0.0
        D:2 |       5 |       4 |  44.4 |       3 |       1 |  25.0
        D:3 |      10 |       0 |   0.0 |       5 |       0 |   0.0
            +---------+---------+-------+---------+---------+-------
